 Dungeon Crawl Stone Soup version 0.31-a0-233-g139696dc86 (webtiles) character file.

Game seed: 8260218304435564528

242 qw the Shooter (level 5, 0/45 HPs)
             Began as a Minotaur Hexslinger on July 7, 2023.
             Slain by Edmund
             ... wielding a +2 flail of protection
              (9 damage)
             ... on level 3 of the Dungeon.
             The game lasted 00:01:24 (2677 turns).

qw the Shooter (Minotaur Hexslinger)                Turns: 2677, Time: 00:01:24

Health: 0/45       AC:  5    Str: 13    XL:     5   Next: 82%
Magic:  5/5        EV: 11    Int: 10    God:
Gold:   146        SH:  4    Dex: 14    Spells: 5/6 levels left

rFire   . . .        Y - +2 sling (freeze)
rCold   . . .        (no shield)
rNeg    . . .        e - +0 ring mail
rPois   .            (helmet restricted)
rElec   .            (no cloak)
rCorr   .            (no gloves)
SInv    .            (no boots)
Will    .....        (no amulet)
Stlth   +            (no ring)
HPRegen 0.27/turn    (no ring)
MPRegen 0.09/turn

%: no passive effects
@: no status effects
A: horns 2, retaliatory headbutt, large bone plates 1, wild magic 1
a: no special abilities


You were on level 3 of the Dungeon.
You visited 1 branch of the dungeon, and saw 4 of its levels.

You collected 146 gold pieces.


Innate Abilities, Weirdness & Mutations

You have a pair of horns on your head.
You reflexively headbutt those who attack you in melee.
You are partially covered in large bone plates. (SH +4)
Your spells are a little harder to cast, but a little more powerful.


   Skills:
 + Level 3.0 Fighting
 - Level 6.1 Ranged Weapons
 - Level 1.1 Armour
 - Level 2.1 Dodging
 - Level 1.0 Spellcasting
 - Level 2.0 Hexes


You had 5 spell levels left.
You knew the following spells:

 Your Spells              Type           Power      Damage    Failure   Level
a - Slow                  Hex            20%        N/A       41%         1

Your spell library contained the following spells:

 Spells                   Type           Power      Damage    Failure   Level
 Inner Flame              Hex/Fire       3%         N/A       87%         3
 Portal Projectile        Hex/Tloc       6%         N/A       87%         3
 Cause Fear               Hex            2%         N/A       98%         4

Inventory:

Hand Weapons
 Y - a +2 sling of freezing (weapon)
Armour
 e - a +0 ring mail (worn)
Scrolls
 b - a scroll of identify
 f - 2 scrolls of enchant armour
Potions
 a - a potion of haste
 h - a potion of curing
 j - 2 potions of mutation

Dungeon Overview and Level Annotations

Branches:
Dungeon (4/15)
 Temple: D:4-7

Altars:

Annotations:
D:3 Edmund
D:4 1 runed translucent door, qw's ghost, amateur MiHs


Message History

Edmund hits you with a +2 flail of protection.
You shoot a sling bullet. The sling bullet hits Edmund.
The sling bullet freezes Edmund.
Edmund is moderately wounded.
You block Edmund's attack.
You shoot a sling bullet.
The sling bullet hits Edmund but does no damage.
Edmund is moderately wounded.
Edmund hits you with a +2 flail of protection.
You shoot a sling bullet. The sling bullet closely misses Edmund.
Edmund hits you with a +2 flail of protection.
You shoot a sling bullet. The sling bullet barely misses Edmund.
Edmund hits you with a +2 flail of protection.
You shoot a sling bullet. The sling bullet closely misses Edmund.
Edmund closely misses you.
You shoot a sling bullet.
The sling bullet hits Edmund but does no damage.
Edmund is moderately wounded.
Edmund completely misses you. Edmund barely misses you.
You shoot a sling bullet.
The sling bullet hits Edmund but does no damage.
Edmund is moderately wounded.
Edmund closely misses you. You furiously retaliate!
You headbutt Edmund. You shoot a sling bullet.
The sling bullet barely misses Edmund.
Edmund asks, "Have you met my wondrous brother?"
Edmund closely misses you.
You shoot a sling bullet.
The sling bullet hits Edmund but does no damage.
Edmund is moderately wounded.
Edmund barely misses you.
You shoot a sling bullet. The sling bullet hits Edmund.
The sling bullet freezes Edmund.
Edmund is moderately wounded.
Edmund hits you with a +2 flail of protection!
You shoot a sling bullet. The sling bullet hits Edmund!
The sling bullet freezes Edmund.
Edmund is severely wounded.
Edmund hits you with a +2 flail of protection.
Edmund hits you with a +2 flail of protection!
You die...

#.##(# #.##..#.###.#
..##.#######.##.....##.#
#.##.........###.#..##.#
...))).......###.#..##.#
..###..................# ###
#.......#######.#### # #.......#
####.#### ## #.......# #@......#
.# #.......# ##@##.##.# .#
####.#### #.....##.#
.####.......# #..#####.#
....#.#(###.# #..#####.# ####
.#.......##.###........#######...
.#..#.#.........########.......##
......##.##.######### #.#####.##
##..#.##.##.# #<..####.##......
##..#.......# #...........##.##


You could see Edmund.

Vanquished Creatures
  A scorpion (D:4)
  A hound (D:3)
  A gnoll (D:1)
  3 adders
  A worm (D:3)
  4 dart slugs
  10 orcs (D:3)
  8 ball pythons
  7 bats
  8 endoplasms
  4 giant cockroaches
  5 goblins
  6 hobgoblins
  10 jackals
  6 kobolds
  4 quokkas
  8 frilled lizards
  8 rats
95 creatures vanquished.

Notes
Turn   | Place    | Note
-------+----------+-------------------------------------------
     0 | D:1      | qw the Minotaur Hexslinger began the quest for the Orb.
     0 | D:1      | Reached XP level 1. HP: 16/16 MP: 1/1
     0 | D:1      | 0 ||| qw: Version: 0.3-a-46-gb1f654a
     0 | D:1      | 0 ||| qw: Game counter: 3197
     0 | D:1      | 0 ||| qw: Melee chars always use a shield: true
     0 | D:1      | 0 ||| qw: God list: Okawaru
     0 | D:1      | 0 ||| qw: Allow faded altars: false
     0 | D:1      | 0 ||| qw: Do Orc after clearing Dungeon:15 true
     0 | D:1      | 0 ||| qw: Do second Lair branch before Depths: true
     0 | D:1      | 0 ||| qw: Lair rune preference: random
     0 | D:1      | 0 ||| qw: Goals: Normal
     0 | D:1      | 0 ||| PLANNING D:1-11
   111 | D:1      | Reached skill level 3 in Ranged Weapons
   114 | D:1      | Reached XP level 2. HP: 23/23 MP: 2/2
   265 | D:1      | Reached XP level 3. HP: 18/29 MP: 3/3
   517 | D:1      | Reached skill level 4 in Ranged Weapons
   724 | D:1      | 724 ||| READING scroll labelled SOBYJA PEMUDU.
   725 | D:1      | 725 ||| READING 2 scrolls labelled TAH IQANA.
   726 | D:1      | 726 ||| READING 2 scrolls labelled AWODOEDEOL.
   730 | D:1      | 730 ||| DROPPING scroll of poison.
   833 | D:2      | Reached XP level 4. HP: 36/36 MP: 4/4
  1412 | D:2      | 1412 ||| UPGRADING to +0 ring mail.
  1422 | D:2      | 1422 ||| DROPPING +0 robe.
  1423 | D:2      | 1423 ||| READING 2 scrolls labelled VAERAL FOKUAGG.
  1424 | D:2      | 1424 ||| READING scroll labelled DUWYXAX BAFA.
  1425 | D:2      | 1425 ||| DRINKING 2 black potions.
  1426 | D:2      | 1426 ||| DRINKING 2 emerald potions.
  1426 | D:2      | Gained mutation: You are partially covered in large bone
                  | plates. (SH +4) [potion of mutation]
  1426 | D:2      | Gained mutation: Your spells are a little harder to cast,
                  | but a little more powerful. [potion of mutation]
  1532 | D:3      | Reached skill level 1 in Armour
  1548 | D:3      | Reached skill level 5 in Ranged Weapons
  1554 | D:3      | Reached XP level 5. HP: 41/44 MP: 5/5
  1613 | D:3      | Reached skill level 3 in Fighting
  1919 | D:3      | 1919 ||| READING scroll labelled JUBIQU CUXTEHO.
  1920 | D:3      | 1920 ||| DRINKING 2 white potions.
  1921 | D:3      | 1921 ||| READING 2 scrolls of identify.
  1921 | D:3      | 1921 ||| IDENTIFYING viscous grey potion
  2115 | D:3      | 2115 ||| READING scroll labelled YCENON AQAOT.
  2294 | D:4      | Reached skill level 6 in Ranged Weapons
  2475 | D:4      | Noticed qw's ghost (amateur MiHs)
  2476 | D:4      | Found a runed translucent door.
  2485 | D:4      | Noticed Edmund
  2493 | D:4      | HP: 10/45 [Edmund/+2 flail of protection (4)]
  2494 | D:4      | 2494 ||| READING scroll of teleportation.
  2495 | D:4      | 2495 ||| DRINKING potion of heal wounds.
  2497 | D:4      | HP: 2/45 [Edmund/+2 flail of protection (8)]
  2524 | D:4      | 2524 ||| FLEEEEING.
  2525 | D:4      | 2525 ||| FLEEEEING.
  2526 | D:4      | 2526 ||| FLEEEEING.
  2527 | D:4      | 2527 ||| FLEEEEING.
  2528 | D:4      | 2528 ||| FLEEEEING.
  2529 | D:4      | 2529 ||| FLEEEEING.
  2533 | D:4      | 2533 ||| FLEEEEING.
  2534 | D:4      | 2534 ||| FLEEEEING.
  2535 | D:4      | 2535 ||| FLEEEEING.
  2536 | D:4      | 2536 ||| FLEEEEING.
  2538 | D:4      | 2538 ||| FLEEEEING.
  2539 | D:4      | 2539 ||| FLEEEEING.
  2540 | D:4      | 2540 ||| FLEEEEING.
  2541 | D:4      | 2541 ||| FLEEEEING.
  2542 | D:4      | 2542 ||| FLEEEEING.
  2545 | D:4      | 2545 ||| FLEEEEING.
  2546 | D:4      | 2546 ||| FLEEEEING.
  2547 | D:4      | 2547 ||| FLEEEEING.
  2548 | D:4      | 2548 ||| FLEEEEING.
  2549 | D:4      | 2549 ||| FLEEEEING.
  2553 | D:4      | 2553 ||| STAIRDANCE
  2657 | D:3      | 2657 ||| READING scroll labelled ENWIREZ JOGO.
  2658 | D:3      | 2658 ||| READING scroll labelled HAOMEIPAPH.
  2659 | D:3      | 2659 ||| READING 2 scrolls of identify.
  2659 | D:3      | 2659 ||| IDENTIFYING purple potion
  2660 | D:3      | 2660 ||| DROPPING potion of berserk rage.
  2664 | D:4      | 2664 ||| STAIRDANCE
  2677 | D:3      | HP: 9/45 [Edmund/+2 flail of protection (5)]
  2677 | D:3      | Slain by Edmund

Levels and vault maps discovered:
D:1:      minmay_arrival_doors, layout_rooms, st_stairs_4
D:2:      layout_basic
D:3:      layout_loops_cross, minmay_checkerbox
D:4:      layout_loops_ring, hellmonk_ghost_happy_afterlife, uniq_sigmund,
          uniq_robin, uniq_menkaure, uniq_edmund

Skill      XL: |  1  2  3  4  5 |
---------------+----------------+-----
Ranged Weapons | 3 4 5 6 |  6.1
Fighting       | 2 3 |  3.0
Armour         | 1 |  1.1
Dodging        | |  2.1
Spellcasting   | |  1.0
Hexes          | |  2.0

Action                     |  1- 3 |  4- 6 || total
---------------------------+-------+-------++-------
   Fire: Sling             |   134 |   185 ||   319
    Use: Scroll            |     3 |     9 ||    12
         Potion            |       |     4 ||     4
 Armour: Robe              |    21 |     3 ||    24
         Ring mail         |       |    13 ||    13
  Dodge: Dodged            |    65 |    46 ||   111
  Block: Other             |       |     8 ||     8

Table legend:
 A = Non-vault XP
 B = Vault XP
 C = Vault XP percentage of total XP
 D = Non-vault monster count
 E = Vault monster count
 F = Vault count percentage of total count
                 A         B        C        D         E       F
            +---------+---------+-------+---------+---------+-------
      Total |     335 |      12 |   3.5 |      89 |       6 |   6.3
            +---------+---------+-------+---------+---------+-------
        D:1 |      76 |       3 |   3.8 |      38 |       2 |   5.0
        D:2 |      54 |       0 |   0.0 |      20 |       0 |   0.0
        D:3 |     115 |       9 |   7.3 |      27 |       4 |  12.9
        D:4 |      90 |       0 |   0.0 |       4 |       0 |   0.0
            +---------+---------+-------+---------+---------+-------
